 Dungeon Crawl Stone Soup version 0.29.1-13-g9f3cf754e1 (webtiles) character file.

Game seed: 8385084546298196587

295 pilgrim the Gusty (level 6, 0/36 HPs)
             Began as a Tengu Air Elementalist on Feb 11, 2023.
             Was an Initiate of Qazlal.
             Slain by a quokka (1 damage)
             ... on level 4 of the Dungeon.
             The game lasted 00:10:07 (6347 turns).

pilgrim the Gusty (Tengu Air Elementalist)          Turns: 6347, Time: 00:10:08

Health: 0/36       AC:  3    Str:  8    XL:     6   Next: 34%
Magic:  9/12       EV: 16    Int: 15    God:    Qazlal [......]
Gold:   109        SH:  0    Dex: 17    Spells: 8/11 levels left

rFire   . . .      SeeInvis .   q - +0 quarterstaff
rCold   . . .      Faith    .   (shield currently unavailable)
rNeg    . . .      Spirit   .   a - +1 robe
rPois   .          Reflect  .   (helmet restricted)
rElec   .          Harm     .   (no cloak)
rCorr   .          Rampage  .   (no gloves)
Will    .....                   (boots unavailable)
Stlth   +.........              (no amulet)
HPRegen 0.12/turn               (no ring)
MPRegen 0.13/turn               (no ring)

@: confused, flying quickly and evasively, quick
A: beak, talons 3, nimble flight
a: Renounce Religion


You were on level 4 of the Dungeon.
You worshipped Qazlal.
Qazlal was noncommittal.
You visited 2 branches of the dungeon, and saw 5 of its levels.

You collected 109 gold pieces.

Inventory:

Hand Weapons
 q - a +0 quarterstaff (weapon)
Armour
 a - a +1 robe (worn)
Jewellery
 h - a ring of magical power
 k - an amulet of the acrobat
 n - a ring of ice
Wands
 l - a wand of polymorph (12)
Scrolls
 c - a scroll of enchant armour
 g - 3 scrolls of amnesia
 p - a scroll of acquirement {unknown}
Potions
 b - a potion of magic
 d - a potion of curing {unknown}
 f - a potion of attraction
 i - a potion of mutation
 j - a potion of resistance
 m - a potion of haste {unknown}
 o - 2 potions of degeneration {unknown}


   Skills:
 + Level 2.6 Fighting
 * Level 1.1 Staves
 + Level 3.9 Dodging
 - Level 2.0 Stealth
 + Level 3.4 Spellcasting
 - Level 4.0 Conjurations
 + Level 4.0 Air Magic


You had 8 spell levels left.
You knew the following spells:

 Your Spells              Type           Power      Damage    Failure   Level
a - Shock                 Conj/Air       56%        1d6       3%          1
b - Static Discharge      Conj/Air       14%        3-5/arc   5%          2

Your spell library contained the following spells:

 Spells                   Type           Power      Damage    Failure   Level
 Swiftness                Air            14%        N/A       11%         3
 Airstrike                Air            7%         2d(1-17)  36%         4
 Malign Gateway           Summ/Tloc      1%         N/A       100%        7
 Summon Horrible Things   Summ           1%         N/A       100%        8


Dungeon Overview and Level Annotations

Branches:
Dungeon (4/15)             Temple (1/1) D:4

Altars:
Cheibriados
Dithmenos
Fedhas
Gozag
Okawaru
Qazlal
Ru
Sif Muna
Trog
Uskayaw
Vehumet
Xom
Zin
The Shining One

Annotations:
D:4 1 runed translucent door, Blork the orc, Crazy Yiuf, Ijyb


Innate Abilities, Weirdness & Mutations

You have a beak for a mouth.
You have claws for feet.
Your magical nature lets you fly swiftly and evasively.


Message History

Ijyb is moderately wounded.
The zap hits Ijyb but does no damage.
Ijyb is moderately wounded.
The zap hits Ijyb but does no damage.
Ijyb is moderately wounded.
The zap hits Ijyb.
Ijyb is moderately wounded.
You hit Ijyb. You claw Ijyb, but do no damage.
Ijyb is moderately wounded.
Ijyb closely misses you.
You hit Ijyb but do no damage.
Ijyb is moderately wounded.
Ijyb zaps a wand.
The bolt of light hits you!!
You are confused.
Ouch! That really hurt!
The quokka misses you.
You're too confused to move!
The quokka closely misses you.
Ijyb splashes around in the water.
You feel less confused. The quokka barely misses you.
You closely miss Ijyb. Your kick misses Ijyb.
Ijyb is moderately wounded.
Ijyb hits you with a +0 club. The quokka bites you.
Ijyb splashes around in the water.
You closely miss Ijyb.
Ijyb is moderately wounded.
The quokka completely misses you. Ijyb hits you with a +0 club.
* * * LOW HITPOINT WARNING * * *
The quokka closely misses you.
You barely miss Ijyb.
Ijyb is moderately wounded.
The quokka barely misses you. Ijyb completely misses you.
You hit Ijyb but do no damage. Your kick misses Ijyb.
You peck Ijyb, but do no damage.
Ijyb is moderately wounded.
The quokka barely misses you.
Ijyb zaps a wand.
The bolt of light hits you!
You are confused.
* * * LOW HITPOINT WARNING * * *
The quokka bites you.
You die...

#.....#####........#
#..##.# ##.##.....#
#<.##.# ##.........#
#..##.###...##....###
#..##.##..~~~...#.#..
#........~~§§~.......
##.#####§~§~§§~####.#
#.# #~§gr§§~# #.# #.#
##~~§@~§§# #.#
#.####..~~§~~.####.##
#........§~~......#.#
######....########.##
#...## #.###
#######..###### #...#
#.............# ###.#
#.#####..####.# #.#
#.# #..####.### #.#


You could see Ijyb and a quokka.

Vanquished Creatures
  A scorpion (D:4)
  An orc priest (D:3)
  3 orc wizards
  3 adders
  3 worms
  12 orcs
  6 endoplasms
  4 giant cockroaches
  2 goblins
  7 hobgoblins
  4 jackals (D:2)
  4 quokkas
  4 ball pythons
  7 bats
  6 frilled lizards
  10 kobolds
  4 rats
81 creatures vanquished.

Vanquished Creatures (others)
  20 plants (D:2)
20 creatures vanquished.

Grand Total: 101 creatures vanquished

Notes
Turn   | Place    | Note
-------+----------+-------------------------------------------
     0 | D:1      | pilgrim the Tengu Air Elementalist began the quest for the
                  | Orb.
     0 | D:1      | Reached XP level 1. HP: 10/10 MP: 4/4
   161 | D:1      | Reached XP level 2. HP: 16/16 MP: 6/6
   937 | D:1      | Reached skill level 1 in Fighting
   967 | D:1      | Reached XP level 3. HP: 20/20 MP: 2/7
  3412 | D:2      | Reached XP level 4. HP: 25/25 MP: 3/8
  3649 | D:2      | Found a shimmering altar of Xom.
  3658 | D:2      | Found a faded altar of an unknown god.
  4188 | D:3      | Gained mutation: Your magical nature lets you fly swiftly
                  | and evasively. [Tengu growth]
  4188 | D:3      | Reached XP level 5. HP: 23/30 MP: 7/10
  4802 | D:3      | You are sucked into a shaft and drop 1 floor!
  5492 | D:4      | Found a staircase to the Ecumenical Temple.
  5501 | Temple   | Entered the Ecumenical Temple
  5556 | Temple   | Became a worshipper of Qazlal Stormbringer
  5705 | D:4      | Reached XP level 6. HP: 11/36 MP: 6/11
  5937 | D:4      | Found a runed translucent door.
  5938 | D:4      | Noticed Crazy Yiuf
  6004 | D:4      | Reached skill level 1 in Staves
  6007 | D:4      | Learned a level 2 spell: Static Discharge
  6187 | D:4      | Noticed Ijyb
  6187 | D:4      | Noticed Blork the orc
  6347 | D:4      | HP: 1/36 [Ijyb/bolt of light (10)]
  6347 | D:4      | Slain by a quokka

Illustrated notes

Levels and vault maps discovered:
D:1:      dpeg_arrival_arbitrary_c, layout_basic, serial_glass, glass_columns_b,
          glass_columns_c, supply_closet_lemuel, kennysheep_nondescript
D:2:      layout_rooms, basic_altar, ebering_ecumenical_altar_abandoned,
          serial_bayou_lagoon_b
D:3:      layout_loops_corners
D:4:      layout_loops_ring, nicolae_hepliaklqana_hippocampus,
          minmay_temple_entry_mist, minmay_fractal_squares_5, uniq_ijyb,
          uniq_blork_the_orc, uniq_crazy_yiuf_cottage
Temple:   jpeg_temple_clearing

Skill      XL: |  1  2  3  4  5  6 |
---------------+-------------------+-----
Conjurations   | 2 3 4 |  4.0
Fighting       | 1 2 |  2.6
Dodging        | 3 |  3.9
Spellcasting   | 3 |  3.4
Staves         | 1 |  1.1
Stealth        | |  2.0
Air Magic      | |  4.0

Action                   |  1- 3 |  4- 6 || total
-------------------------+-------+-------++-------
Melee: Dagger            |    56 |    39 ||    95
       Kick              |    14 |    18 ||    32
       Peck              |     7 |     6 ||    13
       Quarterstaff      |       |    19 ||    19
 Cast: Shock             |    57 |    87 ||   144
  Use: Scroll            |     8 |     1 ||     9
       Potion            |     1 |       ||     1
 Stab: Sleeping          |     1 |       ||     1
Armor: Robe              |    12 |    10 ||    22
Dodge: Dodged            |    38 |    44 ||    82
